 Dungeon Crawl Stone Soup version 0.27.0-1-g7a089689b8 (webtiles) character file.

Game seed: 4721012028785683957

5204 bnorton916 the Jinx (level 10, -2/50 HPs)
             Began as a Deep Elf Conjurer on Aug 3, 2021.
             Was a Follower of Vehumet.
             Splashed by Maurice's acid (14 damage)
             ... on level 8 of the Dungeon.
             The game lasted 00:23:53 (13299 turns).

bnorton916 the Jinx (Deep Elf Conjurer)            Turns: 13299, Time: 00:23:54

Health: -2/50      AC: 12    Str:  4    XL:     10   Next: 35%
Magic:  3/22       EV: 12    Int: 27    God:    Vehumet [*.....]
Gold:   600        SH:  5    Dex: 13    Spells: 8/23 levels left

rFire    . . .     SeeInvis .   h - +9 sword of Zonguldrok {reap}
rCold    . . .     Faith    .   (no shield)
rNeg     . . .     Spirit   .   e - +2 robe {Will+}
rPois    .         Reflect  +   y - +0 helmet
rElec    .         Harm     .   j - +0 cloak
rCorr    .         Rampage  .   m - +1 pair of gloves
Will     ++...                  (no boots)
Stlth    ++........             s - amulet of reflection
HPRegen  0.16/turn              f - ring of wizardry
MPRegen  0.18/turn              w - +4 ring of protection

@: no status effects
A: no striking features
a: Renounce Religion


You were on level 8 of the Dungeon.
You worshipped Vehumet.
Vehumet was aware of your devotion.
You visited 2 branches of the dungeon, and saw 9 of its levels.
You also visited: Ossuary.

You collected 600 gold pieces.

Inventory:

Hand Weapons
 a - a +1 dagger of electrocution
 h - the +9 sword of Zonguldrok (weapon) {reap}
   (You took it off an orc on level 8 of the Dungeon)

   Any living foe damaged by it may be reanimated upon death as a zombie
   friendly to the wielder, with an increasing chance as more damage is dealt.
 q - a +2 dagger of venom
 t - a +2 spear of flaming
Missiles
 k - 194 stones
Armour
 e - a +2 robe of willpower (worn)
 j - a +0 cloak (worn)
 l - a +0 robe
 m - a +1 pair of gloves (worn)
 r - a +1 leather armour of positive energy
 y - a +0 helmet (worn)
Jewellery
 f - a ring of wizardry (left hand)
 s - an amulet of reflection (around neck)
 w - a +4 ring of protection (right hand)
Wands
 p - a wand of iceblast (9)
 x - a wand of mindburst (8)
 z - a wand of flame (18)
Scrolls
 c - 7 scrolls of identify
 d - 2 scrolls of noise
 o - 2 scrolls of blinking
 A - a scroll of teleportation
Potions
 b - a potion of cancellation {unknown}
 g - 3 potions of flight
 i - 5 potions of curing
 n - 2 potions of might
 u - a potion of resistance {unknown}
 v - a potion of attraction {unknown}


   Skills:
 - Level 2.4 Dodging
 - Level 2.4 Stealth
 - Level 7.2 Spellcasting
 - Level 7.0 Conjurations
 + Level 10.9 Hexes
 - Level 5.7 Summonings
 - Level 6.6 Translocations
 + Level 7.4 Earth Magic


You had 8 spell levels left.
You knew the following spells:

 Your Spells              Type           Power      Damage    Failure   Level
a - Magic Dart            Conj           100%       1d8       1%          1
b - Sandblast             Erth           98%        2d20      1%          1
c - Fulminant Prism       Conj/Hex       27%        3d14      1%          4
d - Iskenderun's Mystic   Conj/Tloc      46%        2d10      1%          4
e - Call Canine Familiar  Summ           40%        N/A       1%          3
f - Searing Ray           Conj           94%        3d6       1%          2

Your spell library contained the following spells:

 Spells                   Type           Power      Damage    Failure   Level
 Shock                    Conj/Air       100%       1d9       1%          1
 Summon Small Mammal      Summ           100%       N/A       1%          1
 Passwall                 Tmut/Erth      24%        N/A       1%          2
 Dazzling Flash           Conj/Hex       100%       N/A       1%          3
 Gell's Gravitas          Tloc           22%        N/A       1%          3
 Lesser Beckoning         Tloc           22%        N/A       1%          3
 Summon Guardian Golem    Hex/Summ       53%        N/A       1%          3
 Teleport Other           Tloc           45%        N/A       1%          3
 Lee's Rapid Deconstruct  Erth           24%        3d14*     3%          5
 Invisibility             Hex            31%        N/A       4%          6
 Ozocubu's Armour         Ice            9%         N/A       7%          3
 Swiftness                Air            9%         N/A       7%          3
 Summon Lightning Spire   Summ/Air       25%        N/A       8%          4
 Conjure Ball Lightning   Conj/Air       14%        3x3d6     58%         6
 Discord                  Hex            31%        N/A       83%         8
 Ozocubu's Refrigeration  Ice            4%         4d5       100%        7
 Storm Form               Tmut/Air       4%         N/A       100%        7
 Disjunction              Tloc           22%        N/A       100%        8
 Maxwell's Capacitive Co  Air            4%         ∞         100%        8


Dungeon Overview and Level Annotations

Branches:
Dungeon (8/15)             Temple (1/1) D:6         Ossuary (visited)
   Lair: D:8-11

Altars:
Ashenzari
Cheibriados
Dithmenos
Elyvilon
Fedhas
Gozag
Makhleb
Okawaru
Ru
Sif Muna
Trog
Uskayaw
Vehumet
Wu Jian
Xom
Yredelemnul
Zin
The Shining One

Annotations:
D:7 Maggie
D:8 Maurice


Message History

The searing ray hits Maurice!
Maurice is severely wounded. (Press . to maintain the ray.) Maurice zaps a wand.
The bolt of acid hits you!
You are splashed with acid!
Casting: Searing Ray (safe; 1% risk of failure)
Confirm with . or Enter, or press ? or * to list all spells.
You erupt in a blast of force!
The mystic blast hits Maurice!
Maurice is almost dead.
Maurice is knocked back by the mystic blast.
Unknown command.
Casting: Iskenderun's Mystic Blast (dangerous; 1% risk of failure)
Confirm with . or Enter, or press ? or * to list all spells.
Aiming: Searing Ray (safe; 1% risk of failure)
Press: ? - help, Shift-Dir - straight line, f - you, p - Maurice
Okay, then.
There is an open door here.
Casting: Searing Ray (safe; 1% risk of failure)
Confirm with . or Enter, or press ? or * to list all spells.
You erupt in a blast of force!
Maurice zaps a wand.
The bolt of acid misses you.
Unknown command.
Casting: Iskenderun's Mystic Blast (dangerous; 1% risk of failure)
Confirm with . or Enter, or press ? or * to list all spells.
Aiming: Fulminant Prism (dangerous; 1% risk of failure)
Press: ? - help, Dir - move target, p - Maurice You conjure a prism of explosive energy!
A fulminant prism comes into view.
Maurice mumbles some strange words.
Maurice looks slightly unstable.
Casting: Fulminant Prism (dangerous; 1% risk of failure)
Confirm with . or Enter, or press ? or * to list all spells.
Aiming: Magic Dart (safe; 1% risk of failure)
Press: ? - help, Shift-Dir - straight line, f - Maurice
Aim: Maurice, wielding a +0 spear, wearing a +0 leather armour, wearing a +0 buckler, quivering stones and carrying a wand of acid (5) (almost dead, ally target, 100% to hit)
The magic dart hits Maurice.
Maurice is almost dead.
Maurice zaps a wand.
The bolt of acid hits you!
* * * LOW HITPOINT WARNING * * *
You are splashed with acid!
You die...

.#..............#########
.#..............#≈..##≈.#
....).).....)...#.≈..#.§#
................#.≈§..###
###..........[..#.≈≈...##
##(........@*.#.≈≈≈°..#
###..........#..≈≈≈≈.#
##...####..#......≈#
##### ##.@########
###.##...# ##....##
##.### #.# #.# ### #.#
##.## #.# ##...#
#.###....##


You could see Maurice (ally target) and a friendly fulminant prism.

Vanquished Creatures
  A two-headed ogre (D:8)
  Pikel (D:6)
  An ugly thing (D:8)
  Grinder (D:3)
  A hornet (D:8)
  A wyvern (D:8)
  Eustachio (D:5)
  A wraith (D:6)
  4 fire bats (D:8)
  2 steam dragons
  Duvessa (D:4)
  A hell hound (D:8)
  An ice beast (D:6)
  An ogre (D:6)
  A necrophage (D:5)
  A centaur (D:6)
  A phantom (D:4)
  A lemure (D:6)
  2 bullfrogs
  Blork the orc (D:6)
  A gnoll sergeant (D:8)
  3 scorpions
  2 water moccasin zombies
  Dowan (D:4)
  3 wights (D:4)
  2 lava snakes (D:8)
  A hound (D:5)
  A jelly (D:7)
  5 orc priests
  Crazy Yiuf (D:6)
  A bullfrog skeleton (D:7)
  7 orc wizards
  A mummy (D:6)
  A hound skeleton (D:5)
  3 gnolls (D:8)
  A howler monkey skeleton (D:4)
  6 adders
  2 shadow imps
  A white imp (D:6)
  An ufetubus (D:6)
  4 worms
  2 dart slugs
  14 orcs
  2 ball pythons
  7 endoplasms
  2 giant cockroaches
  A gnoll zombie (Ossuary)
  3 hobgoblins
  10 jackals
  8 kobolds
  4 quokkas
  4 bats
  2 frilled lizards
  7 goblins
  A hobgoblin zombie (Ossuary)
  A jackal zombie (Ossuary)
  A kobold zombie (Ossuary)
  3 orc zombies
  7 rats
  3 fire vortices (D:8)
155 creatures vanquished.

Vanquished Creatures (collateral kills)
  A kobold zombie (Ossuary)
  An orc zombie (Ossuary)
  A rat zombie (Ossuary)
3 creatures vanquished.

Vanquished Creatures (others)
  27 fulminant prisms
  A plant (D:4)
28 creatures vanquished.

Grand Total: 186 creatures vanquished

Notes
Turn   | Place    | Note
-------+----------+-------------------------------------------
     0 | D:1      | bnorton916 the Deep Elf Conjurer began the quest for the
                  | Orb.
     0 | D:1      | Reached XP level 1. HP: 10/10 MP: 6/6
   293 | D:1      | Reached XP level 2. HP: 15/15 MP: 5/8
   952 | D:1      | Learned a level 2 spell: Searing Ray
  1278 | D:2      | Reached skill level 5 in Conjurations
  1278 | D:2      | Reached XP level 3. HP: 19/19 MP: 6/10
  1334 | D:2      | Found a faded altar of an unknown god.
  2134 | D:2      | Reached XP level 4. HP: 24/24 MP: 8/12
  2704 | D:3      | Reached skill level 5 in Spellcasting
  2925 | D:2      | Learned a level 4 spell: Fulminant Prism
  2930 | D:2      | Learned a level 4 spell: Iskenderun's Mystic Blast
  2994 | D:2      | Reached XP level 5. HP: 3/28 MP: 11/14
  3564 | D:3      | Noticed Grinder
  3582 | D:3      | Paralysed by Grinder for 6 turns
  3590 | D:3      | Killed Grinder
  3591 | D:3      | Reached XP level 6. HP: 22/32 MP: 3/17
  4203 | D:4      | Found a blossoming altar of Fedhas.
  4449 | D:4      | Reached skill level 1 in Hexes
  4449 | D:4      | Reached skill level 1 in Translocations
  4449 | D:4      | Reached XP level 7. HP: 26/36 MP: 9/19
  4646 | D:4      | Reached skill level 2 in Hexes
  4780 | D:4      | Reached skill level 3 in Hexes
  5040 | D:4      | Learned a level 3 spell: Call Canine Familiar
  5056 | D:4      | Found an ornate altar of the Wu Jian Council.
  5280 | D:4      | Noticed Dowan
  5421 | D:4      | Noticed Duvessa
  5447 | D:4      | Killed Duvessa
  5448 | D:4      | Reached skill level 4 in Hexes
  5448 | D:4      | Reached skill level 1 in Summonings
  5463 | D:4      | Killed Dowan
  5774 | D:5      | Entered Level 5 of the Dungeon
  5865 | D:5      | Reached XP level 8. HP: 35/41 MP: 14/20
  6013 | D:5      | Reached skill level 5 in Hexes
  6253 | D:5      | Noticed Eustachio
  6260 | D:5      | Killed Eustachio
  6702 | D:6      | Reached skill level 6 in Hexes
  6702 | D:6      | Reached skill level 5 in Translocations
  6760 | D:6      | Noticed Pikel
  6764 | D:6      | Found a sand-covered staircase.
  6768 | Ossuary  | Entered an ossuary
  6816 | D:6      | Identified a scroll of acquirement
  6816 | D:6      | Acquired a book of Geomancy
  6820 | D:6      | Found a staircase to the Ecumenical Temple.
  6827 | Temple   | Entered the Ecumenical Temple
  7750 | Temple   | Became a worshipper of Vehumet
  7805 | D:6      | Killed Pikel
  7806 | D:6      | Reached skill level 7 in Hexes
  7806 | D:6      | Reached skill level 5 in Summonings
  7806 | D:6      | Reached XP level 9. HP: 26/45 MP: 10/21
  7825 | D:6      | Learned a level 1 spell: Sandblast
  8431 | D:6      | HP: 2/45 [poisoned by a scorpion]
  9049 | D:6      | Reached skill level 8 in Hexes
  9169 | D:6      | Noticed Blork the orc
  9176 | D:6      | Killed Blork the orc
  9177 | D:6      | Reached skill level 1 in Earth Magic
  9426 | D:6      | Found a runed translucent door.
  9427 | D:6      | Noticed Crazy Yiuf
  9811 | D:6      | Found a white marble altar of Elyvilon.
  9864 | D:6      | Killed Crazy Yiuf
  9952 | D:7      | Noticed Maggie
 10548 | D:7      | Reached * piety under Vehumet
 10548 | D:7      | Offered knowledge of Shock by Vehumet.
 10748 | D:7      | Found an opulent altar of Gozag.
 11066 | D:8      | Noticed a two-headed ogre
 11080 | D:8      | Killed a two-headed ogre
 11081 | D:8      | Reached skill level 9 in Hexes
 11081 | D:8      | Reached skill level 5 in Earth Magic
 11091 | D:8      | Found a snail-covered altar of Cheibriados.
 11410 | D:8      | Found a shadowy altar of Dithmenos.
 11588 | D:8      | Reached XP level 10. HP: 50/50 MP: 15/22
 11686 | D:8      | Reached skill level 10 in Hexes
 12719 | D:8      | Noticed a green ugly thing
 12730 | D:8      | Killed a green ugly thing
 12743 | D:8      | HP: 2/50 [something] (9)]
 13289 | D:8      | Noticed Maurice
 13299 | D:8      | Splashed by Maurice's acid

Illustrated notes

Levels and vault maps discovered:
D:1:      zelgadis_glass_arrival_small, layout_basic, nrook_uturn
D:2:      layout_loops_corners, hellmonk_ecumenical_altar_blasted,
          minmay_misc_feat_diagonals
D:3:      layout_loops_cross, uniq_grinder
D:4:      layout_loops_ring, amcnicky_altar_gilded,
          mainiacjoe_overflow_boulevard, kennysheep_dice, uniq_duvessa
D:5:      layout_basic, uniq_eustachio
D:6:      layout_basic, lemuel_tele_altar, temple_statues,
          nicolae_ossuary_entry_giza, uniq_blork_the_orc,
          uniq_crazy_yiuf_cottage, uniq_pikel
D:7:      layout_cave_pools, lemuel_crystal_altar, uniq_maggie
D:8:      layout_cave_pods, grunt_dithmenos_smoke_and_mirrors,
          lemuel_round_altar, slow_altar_1, hangedman_incinerator, uniq_maurice
Temple:   minmay_temple_forest_path

Skill      XL: |  1  2  3  4  5  6  7  8  9 10 |
---------------+-------------------------------+-----
Spellcasting   | 4 5 6 7 |  7.2
Conjurations   | 5 6 7 |  7.0
Hexes          | 1 4 7 9 10 | 10.9
Translocations | 1 3 6 |  6.6
Summonings     | 2 5 |  5.7
Earth Magic    | 6 7 |  7.4
Dodging        | |  2.4
Stealth        | |  2.4

Action                   |  1- 3 |  4- 6 |  7- 9 | 10-12 || total
-------------------------+-------+-------+-------+-------++-------
Melee: Dagger            |       |    11 |     1 |       ||    12
       Spear             |       |       |     4 |       ||     4
 Cast: Magic Dart        |    74 |    67 |   112 |    31 ||   284
       Searing Ray       |     1 |    10 |    33 |     8 ||    52
       Fulminant Prism   |       |     1 |    20 |     8 ||    29
       Call Canine Famil |       |       |     3 |       ||     3
       Iskenderun's Myst |       |       |     2 |     4 ||     6
       Sandblast         |       |       |    27 |     3 ||    30
Evoke: Wand              |       |       |       |     1 ||     1
  Use: Potion            |       |     2 |     2 |       ||     4
       Scroll            |       |       |     8 |       ||     8
Armor: Robe              |     2 |     6 |    22 |     3 ||    33
Dodge: Dodged            |    10 |    15 |    64 |     8 ||    97
Block: Other             |       |       |       |     1 ||     1
       Rpst.: Double sword |       |       |       |     2 ||     2
